 Dungeon Crawl Stone Soup version 0.30.2 (webtiles) character file.

Game seed: 17919871342216424385

69 porpoise the Trooper (level 4, -4/41 HPs)
             Began as a Hill Orc Fighter on Jan 22, 2024.
             Slain by Natasha (5 damage)
             ... on level 2 of the Dungeon.
             The game lasted 00:02:03 (1144 turns).

porpoise the Trooper (Hill Orc Fighter)             Turns: 1144, Time: 00:02:03

Health: -4/41      AC:  0    Str: 20    XL:     4   Next: 20%
Magic:  4/4        EV: 13    Int:  8    God:
Gold:   76         SH:  0    Dex: 10    Spells: 3/3 levels left

rFire   . . .        a - melded +0 trident
rCold   . . .        c - melded +0 buckler
rNeg    . . .        j - melded +0 scale mail
rPois   .            (helmet currently unavailable)
rElec   .            n - melded +0 cloak
rCorr   .            (gloves currently unavailable)
SInv    .            (boots currently unavailable)
Will    .....        (no amulet)
Stlth   +            (ring currently unavailable)
HPRegen 0.26/turn    (ring currently unavailable)
MPRegen 0.09/turn

%: no passive effects
@: pig-form, slowed
A: fast, no casting, small
a: no special abilities


You were on level 2 of the Dungeon.
You were a filthy swine.
You visited 1 branch of the dungeon, and saw 2 of its levels.

You collected 76 gold pieces.

Inventory:

Hand Weapons
 a - a +0 trident (melded)
 b - a +0 sling
Missiles
 k - 2 curare-tipped darts
 m - a throwing net
Armour
 c - a +0 buckler (melded)
 j - a +0 scale mail (melded)
 n - a +0 cloak (melded)
Scrolls
 e - a scroll of magic mapping {unknown}
 h - a scroll of identify {unknown}
 i - a scroll of immolation
 l - a scroll of torment {unknown}
Potions
 d - a potion of might
 f - a potion of attraction {unknown}
 g - a potion of heal wounds {unknown}
 o - a potion of lignification {unknown}


   Skills:
 + Level 4.4 Fighting
 * Level 4.1 Polearms
 - Level 3.2 Armour
 - Level 3.2 Shields


You had 3 spell levels left.
You didn't know any spells.
Your spell library contained the following spells:

 Spells                   Type           Power      Damage    Failure   Level
 Scorch                   Fire           0%         2d5       54%         2
 Flame Wave               Conj/Fire      0%         2d4       99%         4
 Summon Cactus Giant      Summ           0%         N/A       100%        6


Dungeon Overview and Level Annotations

Branches:
Dungeon (2/15)

Altars:

Annotations:
D:2 Natasha


Message History

Your +0 trident melds into your body.
Your +0 cloak melds into your body.
Your +0 buckler melds into your body.
Your +0 scale mail melds into your body.
The now-empty wand crumbles to dust.
The cerulean imp barely misses you. x2
You closely miss Natasha.
Natasha is moderately wounded.
Natasha stares at you and mumbles some strange words.
You feel yourself slow down.
The cerulean imp hits you with a +2 spear.
The rat completely misses you. The cerulean imp misses you.
You barely miss Natasha.
Natasha is moderately wounded.
Natasha closely misses you.
The cerulean imp hits you with a +2 spear.
The rat barely misses you.
The cerulean imp hits you from afar with a +0 spear.
Natasha claws you.
You closely miss Natasha.
Natasha is moderately wounded.
The cerulean imp closely misses you. The rat closely misses you.
The cerulean imp barely misses you. Natasha misses you.
The rat barely misses you.
The cerulean imp hits you with a +2 spear.
You hit Natasha.
Natasha is heavily wounded.
The cerulean imp barely misses you. Natasha barely misses you.
The cerulean imp hits you with a +2 spear.
* * * LOW HITPOINT WARNING * * *
The rat closely misses you.
The cerulean imp hits you from afar with a +0 spear.
* * * LOW HITPOINT WARNING * * *
You barely miss Natasha.
Natasha is heavily wounded.
Natasha barely misses you. The cerulean imp closely misses you.
The rat bites you.
* * * LOW HITPOINT WARNING * * *
The cerulean imp hits you from afar with a +0 spear.
* * * LOW HITPOINT WARNING * * *
Natasha claws you.
You die...

#.#.# #.#.##...###...#.......
##.#.#
#.#.##...###...#.######
.....# #.#.##...#<#...#.#
##.### #.#.######.......#
...########.#.# #.......# ###
.........##.#.######.......#
#..
............#..............#
#.#
########.#############'#...##
#.#
#.#......hh.....#....###.#
#.#.####.5r..#............
#.# #5....#......####.. #.#.
#.....#......####.# #.#.
#.....#.......†.... #.#.
#..(..#.....####### #.#.
#.....#............
#.####.....#############
#^#..'.....#


You could see Natasha, 2 cerulean imps and a rat.

Vanquished Creatures
  Natasha (D:2)
  An adder (D:2)
  A dart slug (D:1)
  4 ball pythons (D:1)
  5 endoplasms
  2 giant cockroaches
  6 goblins (D:1)
  2 hobgoblins
  2 kobolds (D:2)
  A quokka (D:1)
  2 bats
  A frilled lizard (D:1)
  A rat (D:1)
29 creatures vanquished.

Notes
Turn   | Place    | Note
-------+----------+-------------------------------------------
     0 | D:1      | porpoise the Hill Orc Fighter began the quest for the Orb.
     0 | D:1      | Reached XP level 1. HP: 19/19 MP: 1/1
   133 | D:1      | Reached XP level 2. HP: 27/27 MP: 2/2
   486 | D:1      | Reached XP level 3. HP: 33/33 MP: 3/3
  1092 | D:2      | Noticed Natasha
  1099 | D:2      | Killed Natasha
  1100 | D:2      | Reached XP level 4. HP: 36/41 MP: 4/4
  1130 | D:2      | Noticed Natasha
  1144 | D:2      | HP: 1/41 [cerulean imp/+0 spear[Natasha] (2)]
  1144 | D:2      | Slain by Natasha

Illustrated notes

Levels and vault maps discovered:
D:1:      heliophobic_arrival_glass_houses, layout_rooms
D:2:      layout_basic, uniq_natasha

Skill      XL: |  1  2  3 |
---------------+----------+-----
Polearms       | 3 4 |  4.1
Fighting       | 4 |  4.4
Armour         | |  3.2
Shields        | |  3.2

Action                     |  1- 3 |  4- 6 || total
---------------------------+-------+-------++-------
  Melee: Trident           |    78 |     3 ||    81
         Unarmed           |     2 |     6 ||     8
   Fire: Sling             |    11 |       ||    11
    Use: Scroll            |     1 |       ||     1
 Armour: Scale mail        |    27 |       ||    27
  Dodge: Dodged            |    29 |    18 ||    47
  Block: Buckler           |    14 |       ||    14
